 Dungeon Crawl Stone Soup version 0.20-a0-947-g2784f4f (webtiles) character file.

56 AlphabetPasta the Charmwright (level 3, -1/30 HPs)
             Began as a Ghoul Skald on Apr 3, 2017.
             Slain by a hound (5 damage)
             ... on level 3 of the Dungeon.
             The game lasted 00:06:03 (1180 turns).

AlphabetPasta the Charmwright (Ghoul Skald)         Turns: 1180, Time: 00:06:04

Health: -1/30      AC:  3    Str: 14    XL:     3   Next: 95%
Magic:  0/5        EV: 11    Int:  9    God:
Gold:   112        SH:  0    Dex:  8    Spells: 1/6 levels left

rFire    . . .     SeeInvis .   a - +0 hand axe
rCold    + . .     Gourm    .   (no shield)
rNeg     + + +     Faith    .   b - +0 leather armour
rPois    ∞         Spirit   .   (no helmet)
rElec    .         Reflect  .   (no cloak)
rCorr    .         Harm     .   (no gloves)
MR       .....                  (no boots)
Stlth    +.........             (no amulet)
Regen    0.0/turn               (no ring)
MPRegen  0.1/turn               (no ring)

@: infused (expiring), very slightly contaminated, rotting, hasted, very quick
A: rotting body, claws 1, carnivore 3, cold resistance 1, negative energy
resistance 3, inhibited regeneration, torment resistance, unbreathing
a: no special abilities


You were on level 3 of the Dungeon.
You were not hungry.

You visited 1 branch of the dungeon, and saw 3 of its levels.

You collected 112 gold pieces.

Inventory:

Hand Weapons
 a - a +0 hand axe (weapon)
Missiles
 l - 22 bolts
Armour
 b - a +0 leather armour (worn)
Jewellery
 i - an uncursed ring of wizardry {unknown}
Scrolls
 g - a scroll of remove curse {unknown}
 h - a scroll of identify
 j - 3 scrolls of amnesia {unknown}
Books
 c - a book of Battle

   Spells                             Type                      Level
   a - Infusion                       Charms                       1
   b - Shroud of Golubria             Charms/Translocation         2
   c - Song of Slaying                Charms                       2
   d - Spectral Weapon                Hexes/Charms                 3
   e - Regeneration                   Charms/Necromancy            3
Comestibles
 d - 3 meat rations
 f - a royal jelly
 k - a chunk of flesh


   Skills:
 + Level 2.6 Fighting
 * Level 2.4 Axes
 + Level 1.1 Armour
 + Level 2.0 Dodging
 + Level 2.1 Spellcasting
 * Level 3.2 Charms


You had one spell level left.
You knew the following spells:

 Your Spells              Type           Power        Failure   Level  Hunger
a - Infusion              Chrm           #...         12%         1    ##.....
b - Song of Slaying       Chrm           #.......     17%         2    ###....
c - Shroud of Golubria    Chrm/Tloc      #.........   34%         2    ###....


Dungeon Overview and Level Annotations

Branches:
Dungeon (3/15)

Altars:


Innate Abilities, Weirdness & Mutations

Your body is rotting away.
You thrive on raw meat.
You are immune to poison.
You have sharp fingernails.
You are carnivorous and can eat meat at any time.
Your flesh is cold resistant. (rC+)
You are immune to negative energy. (rN+++)
You do not regenerate when monsters are visible.
You are immune to unholy pain and torment.
You can survive without breathing.


Message History

You hit the hound.
The hound is lightly wounded.
Your magical infusion is running out.
The hound closely misses you. The hound bites you.
You barely miss the hound.
The hound is lightly wounded.
You hit the quokka. The hound bites you.
* * * LOW HITPOINT WARNING * * *
The quokka bites you.
* * * LOW HITPOINT WARNING * * *
The hound bites you.
* * * LOW HITPOINT WARNING * * *
You feel yourself speed up. The quokka barely misses you.
The hound barely misses you.
You are very lightly contaminated with residual magic.
You see here a frilled lizard corpse.
You hit the hound.
The hound is moderately wounded.
You miss the quokka. The hound bites you.
You die...

.......#.#
......#.#
....!#.##
.......
.....
#...#
#..†#
#hr.#
#.@.#
#...#
#.....
#.#.### #.
.# .. .#
.. .# .##
##


You could see a hound and a quokka.

Vanquished Creatures
  Jessica (D:2)
  2 dart slugs
  4 bats
  2 giant cockroaches (D:1)
  6 goblins
  A hobgoblin (D:1)
  3 frilled lizards
  2 kobolds (D:1)
  5 rats
26 creatures vanquished.

Notes
Turn   | Place    | Note
-------+----------+-------------------------------------------
     0 | D:1      | AlphabetPasta the Ghoul Skald began the quest for the Orb.
     0 | D:1      | Reached XP level 1. HP: 17/17 MP: 2/2
   200 | D:1      | Reached XP level 2. HP: 21/24 MP: 0/3
   208 | D:1      | Learned a level 2 spell: Song of Slaying
   418 | D:1      | Reached skill level 3 in Charms
   568 | D:2      | Reached skill level 1 in Armour
   872 | D:2      | Reached XP level 3. HP: 30/30 MP: 4/4
  1013 | D:2      | Noticed Jessica
  1024 | D:2      | Killed Jessica
  1034 | D:2      | Learned a level 2 spell: Shroud of Golubria
  1180 | D:3      | Slain by a hound

Vault maps used:
D:1:      dpeg_arrival_pits, serial_glass, glass_columns_b, glass_columns_c,
          minivault_14
D:2:      uniq_jessica
D:3:      lemuel_crystal_altar

Skill      XL: |  1  2  3 |
---------------+----------+-----
Axes           | 2 |  2.4
Charms         | 3 |  3.2
Armour         | 1 |  1.1
Dodging        | 2 |  2.0
Spellcasting   | 2 |  2.1
Fighting       | |  2.6

Action                   || total
-------------------------++-------
Melee: Hand axe          ||    87
 Cast: Infusion          ||    11
  Use: Scroll            ||     4
       Potion            ||     1
  Eat: Chunk             ||    15
Armor: Leather armour    ||    17
Dodge: Dodged            ||    59
